 Dungeon Crawl Stone Soup version 0.17-a0-2014-g32cd421 (webtiles) character file.

118910 graki42 the Eclecticist (level 16, -10/80 HPs)
             Began as a Deep Elf Fire Elementalist on Oct 8, 2015.
             Was the Champion of Vehumet.
             Killed from afar by a deep elf knight (57 damage)
             ... with a shard of ice
             ... on level 2 of the Elven Halls on Oct 9, 2015.
             The game lasted 03:43:04 (34957 turns).

graki42 the Eclecticist (DEFE)                     Turns: 34957, Time: 03:43:05

Health: -10/80     AC:  8    Str:  6    XL:     16   Next: 26%
Magic:  33/51      EV: 18    Int: 35    God:    Vehumet [******]
Gold:   2410       SH:  0    Dex: 18    Spells: 10 memorised, 7 levels left

rFire  + + .     SeeInvis .     W - +1 battleaxe of the Many Hells {holy, *Corrode MP+9 Str-2 Int+10}
rCold  x x .     Clarity  +     r - +0 robe {MR+}
rNeg   . . .     SustAt   .     (no shield)
rPois  .         Gourm    .     s - +1 helmet
rElec  .         Spirit   .     j - +0 cloak
rCorr  .         Warding  .     h - +2 pair of gloves {Dex+3}
rMut   .         Stasis   .     (no boots)
MR     ++...                    q - amulet of clarity
Stlth  +++.......               n - ring of fire
                                K - ring of fire

@: very resistant to hostile enchantments, fairly stealthy
A: no striking features
a: Renounce Religion


You were on level 2 of the Elven Halls.
You worshipped Vehumet.
Vehumet was exalted by your worship.
You were hungry.

You visited 5 branches of the dungeon, and saw 27 of its levels.
You also visited: Volcano and Wizlab.

You collected 3092 gold pieces.
You spent 682 gold pieces at shops.

Inventory:

Hand Weapons
 y - the +12 spear of Ruination {pierce, rC+ rN++ Int+3 Dex-2}
   (You bought it in a shop on level 4 of the Orcish Mines)

   It inflicts extra damage upon your enemies.
   It affects your intelligence (+3).
   It affects your dexterity (-2).
   It protects you from cold.
   It greatly protects you from negative energy.
 W - the +1 battleaxe of the Many Hells (weapon) {holy, *Corrode MP+9 Str-2 Int+10}
   (You found it on level 12 of the Dungeon)

   It has been blessed by the Shining One to cause great damage to the undead
   and demons.
   It affects your strength (-2).
   It affects your intelligence (+10).
   It affects your magic capacity (+9).
   It may corrode your equipment when you take damage.
Armour
 b - a +0 robe of positive energy
 h - a +2 pair of gloves of dexterity (worn)
 i - a +1 robe of cold resistance
 j - a +0 cloak (worn)
 r - a +0 robe of magic resistance (worn)
 s - a +1 helmet (worn)
Magical Staves
 S - an uncursed staff of energy
Rods
 J - a +1 rod of inaccuracy (14/14)
   (You found it on level 10 of the Dungeon)
Jewellery
 e - an uncursed ring of magical power
 k - an uncursed amulet of resist mutation
 m - an uncursed ring of wizardry
 n - a ring of fire (right hand)
 q - an amulet of clarity (around neck)
 H - an uncursed ring of protection from cold
 K - a ring of fire (left hand)
 R - an uncursed amulet of faith {unknown}
 Y - an uncursed ring of see invisible
Wands
 o - a wand of slowing (26)
 z - a wand of polymorph (11)
Scrolls
 a - a scroll of holy word
 d - 5 scrolls of remove curse
 t - a scroll of identify
 u - a scroll of fear
 x - a scroll of teleportation
 U - 4 scrolls of magic mapping
Potions
 f - 3 potions of brilliance
 g - 8 potions of heal wounds
 l - 3 potions of curing
 v - 3 potions of flight
 w - 2 potions of haste
 I - a potion of magic
 M - a potion of cancellation
Comestibles
 c - 21 bread rations
 p - a meat ration
 F - 17 fruits


   Skills:
 + Level 2.2 Fighting
   Level 0.8 Short Blades
 + Level 0.2 Axes
 + Level 8.5 Dodging
 + Level 6.2 Stealth
 + Level 20.4 Spellcasting
 + Level 16.7 Conjurations
 + Level 1.1 Hexes
 - Level 2.0 Summonings
 + Level 4.6 Translocations
 + Level 1.2 Transmutations
 + Level 15.7 Fire Magic
 + Level 4.7 Earth Magic
 + Level 2.1 Evocations


You had 7 spell levels left.
You knew the following spells:

 Your Spells              Type           Power        Failure   Level  Hunger
b - Conjure Flame         Conj/Fire      ########     0%          3    None
c - Inner Flame           Hex/Fire       ########     1%          3    None
d - Sticky Flame          Conj/Fire      ########     0%          4    None
e - Fireball              Conj/Fire      ########..   1%          5    None
f - Ignite Poison         Fire/Trmt/Pois ########     1%          3    None
g - Force Lance           Conj/Tloc      #######.     1%          4    None
h - Bolt of Fire          Conj/Fire      ########..   1%          6    None
i - Iron Shot             Conj/Erth      #######...   1%          6    None
j - Orb of Destruction    Conj           ########..   1%          7    None
k - Spellforged Servitor  Conj/Summ      #######...   4%          7    None


Dungeon Overview and Level Annotations

Branches:
Dungeon (12/15)            Temple (1/1) D:6            Lair (8/8) D:8
 Shoals (0/4) Lair:4       Spider (0/4) Lair:3        Slime (0/6) Lair:8
    Orc (4/4) D:12            Elf (2/3) Orc:3

Altars:
Ashenzari
Cheibriados
Dithmenos
Elyvilon
Fedhas
Gozag
Kikubaaqudgha
Makhleb
Nemelex Xobeh
Okawaru
Qazlal
Ru
Sif Muna
Trog
Vehumet
Xom
Yredelemnul
Zin
The Shining One
Beogh

Shops:
D:5 *   D:6 *   Orc:4 [[([   Elf:2 *!%


Message History

Casting: Iron Shot
Confirm with . or Enter, or press ? or * to list all spells.
Aiming: Iron Shot
Press: ? - help, Shift-Dir - straight line, f/p - deep elf knight
Aim: a deep elf knight, wielding a short sword, wearing a leather armour and wearing a buckler
Okay, then.
Casting: Iron Shot
Confirm with . or Enter, or press ? or * to list all spells.
You feel a strong surge of power!
You ignite the poison in your surroundings!
Casting: Ignite Poison
Confirm with . or Enter, or press ? or * to list all spells.
Aiming: Iron Shot
Press: ? - help, Shift-Dir - straight line, f/p - deep elf knight
Aim: a deep elf knight, wielding a short sword, wearing a leather armour and wearing a buckler The iron shot misses the deep elf knight.
The deep elf knight gestures at you while chanting.
The shard of ice hits you!
You feel a painful chill!
Ouch! That really hurt!
You die...

##......# #.## #
##)....# #..# #
##..).)## ####..# #
##..#...'####≈≈≈..####
#...#...)§≈≈≈≈≈≈.....#
#..###..'.§§§..§..))..
#...#...'#≈≈§§§§.....#
##..#...'###.§≈≈..####
##).@).## #####..#
#.....# #..# #....).#
#.## #......## #.#
#....e## ### ##.....
##.... #....


You could see a deep elf knight.

Vanquished Creatures
  A deep elf sorcerer (Elf:1)
  An orc warlord (Orc:4)
  Donald (Orc:3)
  A deep elf annihilator (Elf:1)
  10 purple draconians (WizLab)
  Fannar (Lair:1)
  3 catoblepae (Lair:8)
  5 hydras
  9 statues (WizLab)
  10 dancing weapons (Elf:2)
  14 death yaks (Lair:8)
  Urug (Lair:4)
  7 deep elf knights
  Nergalle (Orc:2)
  An unseen horror (D:12)
  10 deep elf summoners
  2 hill giants
  17 deep elf conjurers
  2 manticores
  A griffon (Lair:4)
  4 orc sorcerers
  2 ugly things (D:12)
  A cyclops (D:12)
  4 black mambas
  12 elephants
  12 spiny frogs
  A centaur zombie (D:12)
  Psyche (D:12)
  2 torpor snails
  8 komodo dragons
  3 fire drakes
  A guardian mummy (Volcano)
  4 deep elf priests (Elf:2)
  4 polar bears
  4 trolls
  A minotaur skeleton (Volcano)
  Prince Ribbit (D:8)
  4 blink frogs
  A trapdoor spider zombie (D:9)
  4 boulder beetles
  4 slime creatures (D:12)
  2 flying skulls (Volcano)
  2 spriggans
  2 wyverns
  38 deep elf magi
  42 yaks
  A wraith (D:12)
  6 hippogriffs
  27 deep elf fighters
  4 vampires (Volcano)
  5 basilisks
  2 hungry ghosts
  3 vampire mosquitoes (D:12)
  Menkaure (D:4)
  2 hill giant skeletons (Volcano)
  Edmund (D:6)
  11 water moccasins
  3 wolves (Lair:5)
  3 wargs (Orc:4)
  A merfolk skeleton (Volcano)
  30 orc warriors
  Duvessa (D:4)
  16 porcupines
  A wasp (D:9)
  3 black bears
  5 sky beasts
  An eye of draining (D:9)
  2 ice beasts
  4 phantoms
  12 ogres
  8 centaurs
  21 crocodiles
  A manticore skeleton (Volcano)
  A big kobold (D:9)
  A brain worm (D:9)
  22 giant frogs
  5 scorpions
  Dowan (D:4)
  A water moccasin skeleton (D:10)
  5 killer bees
  3 electric eels (D:12)
  3 wights (D:7)
  A spriggan skeleton (Volcano)
  3 troll skeletons (Volcano)
  A giant frog zombie (D:11)
  3 crimson imps
  23 orc priests
  3 hounds
  5 jellies
  2 giant frog skeletons
  3 iguanas
  49 orc wizards
  A two-headed ogre skeleton (Volcano)
  4 worker ants
  20 sheep
  An ogre skeleton (Volcano)
  A mummy (Volcano)
  A naga skeleton (Volcano)
  88 river rats
  A worker ant zombie (D:9)
  7 gnolls
  13 adders
  4 shadow imps
  4 oozes (Lair:8)
  An adder zombie (D:7)
  A worm (D:4)
  5 giant geckos
  210 orcs
  15 bats
  14 goblins
  7 hobgoblins
  11 jackals
  4 quokkas
  2 ball pythons
  A ball python skeleton (D:4)
  6 giant cockroaches
  5 giant newts
  12 kobolds
  A quokka skeleton (D:7)
  17 rats
  6 fungi
  6 plants
1041 creatures vanquished.

Vanquished Creatures (others)
  2 spiny frogs (Lair:8)
  A deep elf mage (WizLab)
  28 fungi
  13 plants
44 creatures vanquished.

Grand Total: 1085 creatures vanquished

Notes
Turn   | Place    | Note
--------------------------------------------------------------
     0 | D:1      | graki42 the Deep Elf Fire Elementalist began the quest for the Orb.
     0 | D:1      | Reached XP level 1. HP: 10/10 MP: 6/6
   330 | D:1      | Reached XP level 2. HP: 15/15 MP: 5/8
   703 | D:1      | Reached XP level 3. HP: 19/19 MP: 7/9
  1043 | D:2      | Found a basalt altar of Yredelemnul.
  1239 | D:2      | Reached skill level 4 in Fire Magic
  1252 | D:2      | Reached XP level 4. HP: 21/24 MP: 0/11
  1395 | D:2      | Learned a level 3 spell: Conjure Flame
  1399 | D:2      | Learned a level 3 spell: Inner Flame
  1722 | D:2      | Found a sacrificial altar of Ru.
  2308 | D:3      | Reached XP level 5. HP: 22/28 MP: 7/13
  2529 | D:3      | Found a snail-covered altar of Cheibriados.
  2590 | D:3      | Learned a level 4 spell: Sticky Flame
  2624 | D:4      | Found a blossoming altar of Fedhas.
  2656 | D:4      | Found a shattered altar of Ashenzari.
  2754 | D:4      | Noticed a sky beast
  2760 | D:4      | Killed a sky beast
  2813 | D:4      | Noticed an ogre
  2837 | D:4      | Killed an ogre
  2837 | D:4      | Reached XP level 6. HP: 32/32 MP: 10/15
  2860 | D:4      | Reached skill level 5 in Spellcasting
  3062 | D:4      | Noticed Menkaure
  3066 | D:4      | Killed Menkaure
  3066 | D:4      | Reached skill level 5 in Conjurations
  3066 | D:4      | Reached skill level 5 in Fire Magic
  3121 | D:4      | Noticed an ogre
  3136 | D:4      | Reached XP level 7. HP: 36/36 MP: 12/17
  3234 | D:4      | Noticed Duvessa
  3234 | D:4      | Noticed Dowan
  3242 | D:4      | Killed Dowan
  3245 | D:4      | Killed Duvessa
  3245 | D:4      | Reached skill level 6 in Spellcasting
  3283 | D:4      | Learned a level 5 spell: Fireball
  3389 | D:4      | Killed an ogre
  3659 | D:5      | Entered Level 5 of the Dungeon
  3659 | D:5      | Found Iriteple's Assorted Antiques.
  3679 | D:5      | Bought a scroll labeled ISULU OSOCVAKO for 22 gold pieces
  3679 | D:5      | Bought an emerald potion for 19 gold pieces
  3786 | D:5      | Found a stormy altar of Qazlal.
  4035 | D:5      | Found a glowing golden altar of the Shining One.
  4435 | D:6      | Found Ruja's General Store.
  4439 | D:6      | Reached XP level 8. HP: 41/41 MP: 16/19
  4498 | D:6      | Reached skill level 7 in Conjurations
  4503 | D:6      | Found a staircase to the Ecumenical Temple.
  4506 | D:6      | Noticed Edmund
  4521 | D:6      | Killed Edmund
  4545 | Temple   | Entered the Ecumenical Temple
  4682 | Temple   | Became a worshipper of Vehumet
  5401 | D:7      | Found a shadowy altar of Dithmenos.
  5415 | D:7      | Reached skill level 8 in Spellcasting
  5443 | D:7      | Reached skill level 1 in Evocations
  5747 | D:7      | Reached XP level 9. HP: 41/45 MP: 16/23
  5749 | D:7      | Acquired Vehumet's first power
  5749 | D:7      | Offered knowledge of Magic Dart by Vehumet.
  6230 | D:7      | Reached skill level 9 in Spellcasting
  6820 | D:8      | Reached skill level 5 in Dodging
  6824 | D:8      | Offered knowledge of Freeze by Vehumet.
  7201 | D:8      | Noticed Prince Ribbit
  7207 | D:8      | Killed Prince Ribbit
  7453 | D:8      | Found a staircase to the Lair.
  7459 | D:8      | Reached skill level 10 in Spellcasting
  7745 | Lair:1   | Entered Level 1 of the Lair of Beasts
  7765 | Lair:1   | Noticed Fannar
  7822 | Lair:2   | Reached skill level 1 in Fighting
  7875 | Lair:2   | Noticed a six-headed hydra
  7880 | Lair:2   | Killed a six-headed hydra
  7880 | Lair:2   | Reached XP level 10. HP: 52/52 MP: 5/26
  7884 | Lair:2   | Noticed a five-headed hydra
  8094 | Lair:2   | Offered knowledge of Ignite Poison by Vehumet.
  8107 | Lair:2   | Learned a level 3 spell: Ignite Poison
  8245 | Lair:2   | Killed a five-headed hydra
  8247 | Lair:2   | Reached skill level 11 in Spellcasting
  8462 | Lair:2   | Learned a level 4 spell: Force Lance
  8793 | Lair:2   | Acquired Vehumet's second power
  8841 | Lair:2   | Noticed a fire drake
  8847 | Lair:2   | Killed a fire drake
  9418 | Lair:2   | Reached skill level 10 in Conjurations
  9418 | Lair:2   | Reached skill level 1 in Translocations
  9714 | Lair:2   | Noticed a komodo dragon
  9723 | Lair:2   | Killed a komodo dragon
  9773 | Lair:3   | Reached skill level 12 in Spellcasting
  9865 | Lair:3   | Reached XP level 11. HP: 56/56 MP: 27/29
  9872 | Lair:3   | Offered knowledge of Static Discharge by Vehumet.
 10102 | Lair:3   | Learned a level 6 spell: Bolt of Fire
 10119 | Lair:3   | Found a hole to the Spider Nest.
 10311 | Lair:3   | Reached skill level 10 in Fire Magic
 10657 | Lair:3   | Reached skill level 5 in Stealth
 10932 | Lair:4   | Identified a scroll of acquirement
 11127 | Lair:4   | Noticed Urug
 11131 | Lair:4   | Killed Urug
 11131 | Lair:4   | Acquired Vehumet's third power
 11332 | Lair:4   | Found a staircase to the Shoals.
 11346 | Lair:4   | Reached skill level 13 in Spellcasting
 11918 | Lair:4   | Offered knowledge of Irradiate by Vehumet.
 12731 | Lair:5   | Reached XP level 12. HP: 61/61 MP: 16/31
 13442 | Lair:6   | Found a dark tunnel.
 13449 | Volcano  | Entered a volcano
 13496 | Volcano  | Reached skill level 14 in Spellcasting
 13692 | Volcano  | Noticed a reaper
 14543 | Lair:6   | Offered knowledge of Iron Shot by Vehumet.
 14742 | Lair:2   | Learned a level 6 spell: Iron Shot
 15851 | Lair:7   | Reached skill level 15 in Spellcasting
 16878 | Lair:7   | Reached XP level 13. HP: 66/66 MP: 25/34
 17421 | Lair:8   | Entered Level 8 of the Lair of Beasts
 17574 | Lair:8   | Found a staircase to the Slime Pits.
 17955 | Lair:8   | Reached skill level 16 in Spellcasting
 18043 | Lair:8   | Offered knowledge of Venom Bolt by Vehumet.
 18903 | Lair:8   | Reached skill level 17 in Spellcasting
 19031 | Lair:8   | Reached XP level 14. HP: 72/72 MP: 24/37
 19907 | Lair:2   | Noticed a seven-headed hydra
 19913 | Lair:2   | Killed a seven-headed hydra
 19972 | Lair:1   | Killed Fannar
 19979 | Lair:1   | Noticed a komodo dragon
 19980 | Lair:1   | Killed a komodo dragon
 20118 | Lair:1   | Noticed a black mamba
 20119 | Lair:1   | Killed a black mamba
 20332 | Lair:1   | Reached skill level 1 in Transmutations
 21383 | D:9      | Got a steaming scale mail
 21394 | D:9      | Identified the +5 scale mail of Kigilom {+Fly rN+} (You found it on level 9 of the Dungeon)
 21706 | D:10     | Entered Level 10 of the Dungeon
 22252 | D:10     | Identified a +0 rod of inaccuracy (13/13) (You found it on level 10 of the Dungeon)
 22330 | D:11     | Offered knowledge of Bolt of Magma by Vehumet.
 23123 | D:12     | Reached skill level 1 in Earth Magic
 23456 | D:12     | Noticed Psyche
 23587 | D:12     | Killed Psyche
 23681 | D:12     | Got a bloodstained battleaxe
 23682 | D:12     | Identified the +1 battleaxe of the Many Hells {holy, *Corrode MP+9 Str-2 Int+10} (You found it on level 12 of the Dungeon)
 24197 | D:12     | Found a staircase to the Orcish Mines.
 24199 | D:12     | Reached skill level 18 in Spellcasting
 24935 | Orc:1    | Entered Level 1 of the Orcish Mines
 25175 | Orc:1    | Offered knowledge of Orb of Destruction by Vehumet.
 25192 | Orc:1    | Learned a level 7 spell: Orb of Destruction
 25488 | Orc:2    | Noticed Nergalle
 25490 | Orc:2    | Killed Nergalle
 25694 | Orc:2    | Found a radiant altar of Vehumet.
 26013 | Orc:3    | Found a staircase to the Elven Halls.
 26251 | Orc:3    | Reached skill level 15 in Conjurations
 26704 | Orc:4    | Entered Level 4 of the Orcish Mines
 26706 | Orc:4    | Found a burning altar of Makhleb.
 26929 | Orc:4    | Found a roughly hewn altar of Beogh.
 26934 | Orc:4    | Found Qulygum's Armour Shoppe.
 27013 | Orc:4    | Offered knowledge of Bolt of Cold by Vehumet.
 27231 | Orc:3    | Noticed Donald
 27234 | Orc:3    | Killed Donald
 27586 | Orc:4    | Found a roughly hewn altar of Beogh.
 27593 | Orc:4    | Found Lolulexo's Antique Armour Shop.
 27623 | Orc:4    | Bought an embroidered robe for 25 gold pieces
 27814 | Orc:4    | Found a roughly hewn altar of Beogh.
 28443 | Orc:4    | Noticed an orc warlord
 28616 | Orc:4    | Offered knowledge of Ozocubu's Refrigeration by Vehumet.
 28617 | Orc:4    | Killed an orc warlord
 28640 | Orc:4    | Found Nuin's Antique Weapon Boutique.
 28646 | Orc:4    | Found a roughly hewn altar of Beogh.
 28647 | Orc:4    | Found Gumayli's Antique Armour Shop.
 28672 | Orc:4    | Bought a runed helmet for 112 gold pieces
 28689 | Orc:4    | Bought a brightly glowing shortbow for 168 gold pieces
 28689 | Orc:4    | Bought a smoking short sword for 168 gold pieces
 28689 | Orc:4    | Bought an encrusted spear for 168 gold pieces
 28689 | Orc:4    | Identified the +10 shortbow "Koron" {velocity, Str+5} (You bought it in a shop on level 4 of the Orcish Mines)
 28690 | Orc:4    | Identified the +5 short sword of the Last Curses {flame, *Confuse rElec MR- Str+3} (You bought it in a shop on level 4 of the Orcish Mines)
 28691 | Orc:4    | Identified the +12 spear of Ruination {pierce, rC+ rN++ Int+3 Dex-2} (You bought it in a shop on level 4 of the Orcish Mines)
 28875 | Elf:1    | Entered Level 1 of the Elven Halls
 28881 | Elf:1    | Reached XP level 15. HP: 72/76 MP: 23/39
 28982 | Elf:1    | Found a magical portal.
 28991 | WizLab   | Entered Iskenderun's Mystic Tower
 29516 | WizLab   | Reached skill level 15 in Fire Magic
 29989 | WizLab   | Reached skill level 19 in Spellcasting
 30196 | WizLab   | Upgraded the game from 0.17-a0-2002-g92c7e20 to 0.17-a0-2014-g32cd421
 30308 | WizLab   | Identified the Catalogue of Ethics
 30563 | WizLab   | Identified Iskenderun's Almanac of Attacks
 30563 | WizLab   | Identified Iskenderun's Tome of Combat Magic and Weightlessness
 32042 | Elf:1    | Noticed a deep elf sorcerer
 32045 | Elf:1    | HP: 3/76 [deep elf sorcerer/blast of hellfire (50)]
 32411 | Elf:1    | Killed a deep elf sorcerer
 32411 | Elf:1    | Reached skill level 1 in Hexes
 32739 | Elf:1    | Identified the Almanac of Creative Confrontation
 32760 | Elf:1    | Reached skill level 20 in Spellcasting
 33401 | Lair:2   | Learned a level 7 spell: Spellforged Servitor
 33693 | Elf:2    | Found Peidi's Distillery.
 33810 | Elf:2    | Offered knowledge of Freezing Cloud by Vehumet.
 33996 | Elf:2    | Found Karih's Food Emporium.
 34006 | Elf:2    | Reached XP level 16. HP: 80/80 MP: 40/42
 34056 | Elf:2    | Reached skill level 1 in Summonings
 34079 | Elf:2    | Found Esannedae's Assorted Antiques.
 34288 | Elf:2    | Found a huge runed gate.
 34288 | Elf:2    | Found a huge runed gate.
 34288 | Elf:2    | Found a huge runed gate.
 34957 | Elf:2    | Killed from afar by a deep elf knight

Vault maps used:
D:1:      lightli_arrival_statuegarden, minmay_misc_feat_tiny, minmay_distorted
D:2:      yredelemnul_altar_generic, nicolae_ru_the_path_less_chosen
D:3:      cheibriados_altar_wand_db, first_bread, kennysheep_cross_room,
          nrook_uturn
D:4:      nicolae_overflow_hidden_temple, fedhas_altar_2, uniq_duvessa,
          uniq_menkaure
D:5:      lemuel_doored_altar, overflow_temple_1_default, serial_shops, shop,
          corexii_item_surrounded_by_moat
D:6:      minmay_temple_entry_junction, serial_shops, nicolae_shop_stone,
          uniq_edmund
D:7:      basic_altar
D:8:      grunt_lair_entry_elf_guard_hut, uniq_prince_ribbit1
D:11:     the_bakery
D:12:     erik_orc_2, serial_curves, eino_curves_04, eino_curves_02, uniq_psyche
Temple:   oiseaux_autumnal_temple_12
Lair:1:   serial_bayou_pond_e, uniq_fannar
Lair:2:   beast_lair_carwin_1
Lair:3:   spider_nest_entry_web_field
Lair:4:   minmay_shoals_entry_beasts, uniq_urug
Lair:5:   grunt_forest_stairs_clearing
Lair:6:   boulder_dual_corridor_run, nicolae_volcano_entry_hallway,
          beast_lair_carwin_6
Lair:7:   minivault_24, kennysheep_basilisk_garden, lemuel_fruit_fields
Lair:8:   evilmike_catoblepas_cave, nicolae_slime_entry_slimehenge,
          grunt_forest_small_clearing_treed
Orc:2:    basic_altar, uniq_nergalle
Orc:3:    nicolae_orc_pool_cavern, uniq_donald
Orc:4:    grunt_orc_community_town_hall, grunt_orc_community_big_house_1,
          grunt_orc_community_big_house_2, grunt_orc_community_house_1,
          grunt_orc_community_house_2, grunt_orc_community_house_2,
          grunt_orc_community_house_3, grunt_orc_community_house_3,
          grunt_orc_community_house_1, basic_altar, elves_outpost_lemuel
Elf:1:    minmay_elf_arrival_circle, mu_enter_wizlab_3, minmay_elf_sorcery
Elf:2:    serial_shops, shop, shop, nicolae_shop_overgrown_old_shop
Volcano:  volcano_tomb
WizLab:   wizlab_iskenderun

Action                   |  1- 3 |  4- 6 |  7- 9 | 10-12 | 13-15 | 16-18 || total
-------------------------+-------+-------+-------+-------+-------+-------++-------
Melee: Unarmed           |       |       |     4 |       |       |       ||     4
       Short sword       |       |       |    57 |       |       |       ||    57
       Dagger            |       |       |       |    14 |     1 |       ||    15
       Battleaxe         |       |       |       |       |     7 |       ||     7
       Staff             |       |       |       |       |     1 |       ||     1
 Cast: Flame Tongue      |    58 |    73 |   226 |   224 |   205 |       ||   786
       Conjure Flame     |       |     1 |     6 |     9 |     1 |       ||    17
       Sticky Flame      |       |     1 |    28 |    74 |    38 |       ||   141
       Fireball          |       |       |    10 |    67 |   191 |    10 ||   278
       Inner Flame       |       |       |     4 |     1 |     5 |       ||    10
       Force Lance       |       |       |       |    52 |    20 |       ||    72
       Ignite Poison     |       |       |       |     2 |     5 |     3 ||    10
       Bolt of Fire      |       |       |       |    30 |   178 |     8 ||   216
       Iron Shot         |       |       |       |       |    93 |    21 ||   114
       Orb of Destructio |       |       |       |       |    26 |     5 ||    31
       Spellforged Servi |       |       |       |       |       |     1 ||     1
Evoke: Wand              |       |       |     5 |     2 |     2 |       ||     9
       Rod               |       |       |       |       |     6 |       ||     6
  Use: Potion            |     1 |       |     2 |       |     1 |       ||     4
       Scroll            |       |       |    15 |    11 |    16 |       ||    42
 Stab: Sleeping          |       |       |       |     3 |       |       ||     3
  Eat: Meat ration       |       |     1 |       |     1 |     1 |       ||     3
       Chunk             |       |     1 |    20 |    35 |    55 |       ||   111
       Fruit             |       |       |       |     2 |     5 |       ||     7
